General information
- name: BNet
- type: Ladder team game (AT/RT)
- host: Battle.net
- saver: HELLOMILITIA
map: TurtleRock
- players: 4
- length: 17:26
- speed: Fast
- version: 1.21 W3XP
- replay type: Public
» download(73 KB)
Players
team 1 (winner)
HELLOANCIENT (
orange | 39 APM | 688 actions | 17:25)
2 Demon Hunter
1 Mana Burn
1 Evasion
» actions
| Assign group hotkey | 3 | |
| Basic commands | 23 | |
| Build / train | 56 | |
| Enter build submenu | 28 | |
| Enter hero's abilities submenu | 2 | |
| Remove unit from queue | 2 | |
| Right click | 305 | |
| Select / deselect | 226 | |
| Select group hotkey | 3 | |
| Use ability | 40 | |
688 total
» units
» buildings
| Tree of Life | 2 | |
| Ancient of War | 9 | |
| Altar of Elders | 2 | |
| Moon Well | 9 | |
| Hunter's Hall | 1 | |
| Ancient Protector | 1 | |
24 total
» build order
00:45 Tree of Life
00:54 Ancient of War
01:18 Ancient of War
01:58 Ancient of War
02:39 Ancient of War
03:39 Ancient of War
06:03 Altar of Elders
06:06 Moon Well
07:33 Moon Well
07:38 Tree of Life
07:59 Ancient of War
08:03 Ancient of War
08:28 Moon Well
08:48 Ancient of War
08:58 Moon Well
10:25 Altar of Elders
10:41 Moon Well
11:52 Ancient of War
12:03 Moon Well
12:20 Moon Well
13:08 Moon Well
13:40 Hunter's Hall
15:45 Ancient Protector
16:34 Moon Well
HELLOMILITIA (
red | 52 APM | 907 actions | 17:26)
5 Archmage
3 Summon Water Elemental
2 Brilliance Aura
» actions
| Assign group hotkey | 8 | |
| Basic commands | 100 | |
| Build / train | 56 | |
| ESC pressed | 5 | |
| Enter build submenu | 34 | |
| Enter hero's abilities submenu | 6 | |
| Right click | 321 | |
| Select / deselect | 316 | |
| Select group hotkey | 12 | |
| Use ability | 49 | |
907 total
» units
| Peasant | 26 | |
| Dragonhawk Rider | 2 | |
| Gryphon Rider | 6 | |
34 total
» upgrades
| Masonry | 2 | |
| Lumber Harvesting | 1 | |
| Storm Hammers | 1 | |
4 total
» buildings
| Altar of Kings | 1 | |
| Farm | 8 | |
| Scout Tower | 18 | |
| Lumber Mill | 2 | |
| Guard Tower | 10 | |
| Keep | 1 | |
| Gryphon Aviary | 2 | |
| Arcane Vault | 1 | |
| Castle | 1 | |
44 total
» build order
00:06 Altar of Kings
00:11 Farm
01:28 Farm
02:06 Scout Tower
02:08 Scout Tower
02:36 Lumber Mill
03:50 Scout Tower
03:50 Scout Tower
03:51 Scout Tower
03:59 Scout Tower
04:00 Scout Tower
04:02 Scout Tower
04:04 Scout Tower
04:05 Scout Tower
04:07 Scout Tower
04:14 Guard Tower
04:31 Guard Tower
04:36 Guard Tower
04:47 Guard Tower
05:59 Keep
06:01 Scout Tower
06:42 Guard Tower
07:17 Scout Tower
07:38 Farm
07:45 Guard Tower
08:19 Scout Tower
08:22 Farm
08:56 Guard Tower
09:03 Scout Tower
09:17 Gryphon Aviary
09:33 Arcane Vault
09:40 Guard Tower
09:51 Scout Tower
09:56 Scout Tower
10:11 Castle
11:14 Lumber Mill
11:23 Guard Tower
11:35 Farm
11:56 Farm
13:21 Gryphon Aviary
13:39 Scout Tower
15:07 Farm
15:08 Farm
15:11 Guard Tower
team 2 (loser)
05545528 (
teal | 94 APM | 1642 actions | 17:24)
4 Archmage
2 Summon Water Elemental
2 Brilliance Aura
2 Paladin
1 Holy Light
1 Divine Shield
» actions
| Assign group hotkey | 29 | |
| Basic commands | 9 | |
| Build / train | 63 | |
| Enter build submenu | 16 | |
| Enter hero's abilities submenu | 6 | |
| Remove unit from queue | 5 | |
| Right click | 938 | |
| Select / deselect | 357 | |
| Select group hotkey | 99 | |
| Use ability | 120 | |
1642 total
» units
| Peasant | 8 | |
| Rifleman | 16 | |
| Footman | 20 | |
| Siege Engine | 1 | |
45 total
» upgrades
» buildings
| Altar of Kings | 1 | |
| Farm | 7 | |
| Barracks | 1 | |
| Blacksmith | 1 | |
| Arcane Vault | 1 | |
| Keep | 1 | |
| Castle | 1 | |
| Workshop | 2 | |
15 total
» build order
00:08 Altar of Kings
00:43 Farm
00:59 Barracks
01:06 Blacksmith
01:26 Farm
02:13 Farm
02:55 Farm
04:15 Farm
05:05 Arcane Vault
07:00 Keep
07:14 Farm
10:47 Farm
13:28 Castle
13:31 Workshop
16:17 Workshop
Poison-T (
yellow | 43 APM | 587 actions | 13:47)
2 Blademaster
1 Wind Walk
1 Critical Strike
» actions
| Basic commands | 9 | |
| Build / train | 14 | |
| Enter build submenu | 22 | |
| Enter hero's abilities submenu | 2 | |
| Right click | 337 | |
| Select / deselect | 170 | |
| Use ability | 33 | |
587 total
» units
» buildings
| Altar of Storms | 1 | |
| Orc Burrow | 5 | |
| Barracks | 1 | |
| War Mill | 2 | |
| Watch Tower | 6 | |
15 total
» build order
00:04 Altar of Storms
00:08 Orc Burrow
00:59 Barracks
01:16 Orc Burrow
01:57 War Mill
03:57 War Mill
04:07 Orc Burrow
04:16 Watch Tower
04:20 Orc Burrow
04:36 Watch Tower
05:56 Orc Burrow
06:14 Watch Tower
06:16 Watch Tower
06:53 Watch Tower
06:55 Watch Tower
Chat log
(12:25 / All) Poison-T: gg
(17:13 / All) HELLOANCIENT: valiant surround
(17:23 / All) 05545528: fuck you